[ PARTIDA AOE2 · #474816380 ]
UnrankedFrancos vs Persians
[ ANÁLISIS DE REPETICIÓN · EXTRAÍDO DE LA PARTIDA GRABADA ]
Feudal
10:31
Castillos
14:26
Imperial
28:56
| APM promedio | 47.4 |
| APM pico | 90 |
| eAPM promedio | 29.7 |
| Aldeanos / militares | 170 / 252 |
Foco
⚔️ 32.4% · 🌾 67.6%
Knight ×224 · Trade Cart ×47 · Throwing Axeman ×25 · Monk ×3
Feudal
10:01
Castillos
13:42
Imperial
28:28
| APM promedio | 36.3 |
| APM pico | 74 |
| eAPM promedio | 18.5 |
| Aldeanos / militares | 142 / 300 |
Foco
⚔️ 31.8% · 🌾 68.2%
Scout Cavalry ×130 · Knight ×72 · Hand Cannoneer ×45 · Camel Scout ×41 · Trade Cart ×22 · Bombard Cannon ×8
Feudal
9:17
Castillos
20:32
Imperial
30:47
| APM promedio | 51.7 |
| APM pico | 111 |
| eAPM promedio | 30.8 |
| Aldeanos / militares | 95 / 121 |
Foco
⚔️ 64.2% · 🌾 35.8%
Spearman ×55 · Mangonel ×24 · Scorpion ×24 · Militia ×8 · Monk ×5 · Woad Raider ×3
Feudal
8:59
Castillos
23:09
Imperial
34:54
| APM promedio | 32.7 |
| APM pico | 63 |
| eAPM promedio | 20.7 |
| Aldeanos / militares | 161 / 285 |
Foco
⚔️ 34.0% · 🌾 66.0%
Spearman ×184 · Skirmisher ×71 · Trade Cart ×21 · Eagle Scout ×20 · Militia ×4 · Trebuchet (Packed) ×3
Feudal
10:56
Castillos
14:27
Imperial
27:58
| APM promedio | 65.4 |
| APM pico | 134 |
| eAPM promedio | 38.2 |
| Aldeanos / militares | 141 / 295 |
Foco
⚔️ 57.5% · 🌾 42.5%
Magyar Huszar ×145 · Cavalry Archer ×123 · Trebuchet (Packed) ×22 · Trade Cart ×18 · Monk ×2 · Scout Cavalry ×2
Feudal
9:04
Castillos
20:15
Imperial
31:24
| APM promedio | 75.2 |
| APM pico | 121 |
| eAPM promedio | 55.9 |
| Aldeanos / militares | 265 / 199 |
Foco
⚔️ 19.4% · 🌾 80.6%
Knight ×195 · Trade Cart ×36 · Monk ×2 · Trebuchet (Packed) ×2
Feudal
10:28
Castillos
23:13
Imperial
37:55
| APM promedio | 26.9 |
| APM pico | 60 |
| eAPM promedio | 18.8 |
| Aldeanos / militares | 142 / 213 |
Foco
⚔️ 29.6% · 🌾 70.4%
Spearman ×188 · Trade Cart ×24 · Fire Lancer ×10 · Bombard Cannon ×6 · Rattan Archer ×5 · Battering Ram ×2
Feudal
10:06
Castillos
18:56
Imperial
33:48
| APM promedio | 33.8 |
| APM pico | 61 |
| eAPM promedio | 19.1 |
| Aldeanos / militares | 151 / 219 |
Foco
⚔️ 35.1% · 🌾 64.9%
Spearman ×141 · Archer ×70 · Trade Cart ×7 · Trebuchet (Packed) ×7 · Monk ×1
Mapa de la partida
Recursos iniciales + cada clic de construcción. Líneas = muros · curvas = relieve. ◆ oro · ⬟ piedra · ● bayas · ✦ reliquia · ◌ hueco del cierre
Tu base· ✓ Cerrada en 14:26 · 0t muro · 4 puerta(s)
Base de 海岛奇兵常凯申· ✓ Cerrada en 13:42 · 0t muro · 2 puerta(s)
Base de Boost'Hate John· ✓ Cerrada en 20:32 · 12t muro · 3 puerta(s)
Base de T-1000· ✓ Cerrada en 23:09 · 37t muro · 4 puerta(s)
Base de Zionic· ✓ Cerrada en 14:27 · 0t muro · 2 puerta(s)
Base de Daniel Chassagnez· ✓ Cerrada en 20:15 · 7t muro · 2 puerta(s)
Base de AncientKing· ✓ Cerrada en 23:13 · 107t muro · 3 puerta(s)
Base de Nux· ✓ Cerrada en 18:56 · 14t muro · 2 puerta(s)
Terreno inicial suavizado · ◌ = hueco del cierre detectado · pasá el cursor para detalles
Inputs por minuto
— Uniics - - 海岛奇兵常凯申
Build order — Uniics
Primeras 150 de 685 acciones detectadas
| 0:01 | Crear | Villager (Male) |
| 0:01 | Crear | Villager (Male) |
| 0:01 | Crear | Villager (Male) |
| 0:02 | Construir | House |
| 0:03 | Construir | House |
| 0:12 | Crear | Villager (Male) |
| 0:12 | Crear | Villager (Male) |
| 1:34 | Crear | Villager (Male) |
| 1:35 | Crear | Villager (Male) |
| 1:57 | Crear | Villager (Male) |
| 1:57 | Crear | Villager (Male) |
| 2:08 | Construir | Lumber Camp |
| 2:51 | Crear | Villager (Male) |
| 2:51 | Crear | Villager (Male) |
| 3:16 | Crear | Villager (Male) |
| 3:16 | Crear | Villager (Male) |
| 3:49 | Construir | House |
| 3:57 | Crear | Villager (Male) |
| 3:58 | Crear | Villager (Male) |
| 3:58 | Crear | Villager (Male) |
| 4:16 | Construir | Mill |
| 4:27 | Crear | Villager (Male) |
| 4:27 | Crear | Villager (Male) |
| 4:47 | Crear | Villager (Male) |
| 4:51 | Construir | House |
| 5:23 | Crear | Villager (Male) |
| 5:34 | Crear | Villager (Male) |
| 5:42 | Crear | Villager (Male) |
| 5:47 | Construir | Farm |
| 6:07 | Construir | Farm |
| 7:03 | Crear | Villager (Male) |
| 7:13 | Construir | Farm |
| 7:22 | Crear | Villager (Male) |
| 7:43 | Crear | Villager (Male) |
| 8:00 | Construir | Farm |
| 8:04 | Investigar | Feudal Age |
| 8:08 | Construir | House |
| 8:49 | Construir | Mining Camp |
| 9:36 | Crear | Villager (Male) |
| 10:12 | Crear | Villager (Male) |
| 10:31 | Edad | Edad Feudal |
| 10:37 | Construir | Blacksmith |
| 10:52 | Construir | Market |
| 10:54 | Investigar | Loom |
| 10:59 | Crear | Villager (Male) |
| 11:40 | Investigar | Castle Age |
| 12:19 | Investigar | Double-Bit Axe |
| 12:48 | Crear | Villager (Male) |
| 13:43 | Investigar | Wheelbarrow |
| 14:26 | Edad | Edad de los Castillos |
| 14:27 | Construir | Town Center |
| 14:28 | Crear | Villager (Male) |
| 14:32 | Construir | Town Center |
| 14:44 | Investigar | Bow Saw |
| 14:50 | Construir | Farm |
| 14:52 | Construir | Farm |
| 14:56 | Construir | Farm |
| 14:59 | Construir | Farm |
| 15:08 | Crear | Villager (Male) |
| 15:09 | Crear | Villager (Male) |
| 15:18 | Crear | Villager (Male) |
| 15:29 | Crear | Villager (Male) |
| 15:44 | Construir | Farm |
| 15:54 | Crear | Villager (Male) |
| 16:01 | Crear | Villager (Male) |
| 16:02 | Crear | Villager (Male) |
| 16:02 | Crear | Villager (Male) |
| 16:05 | Construir | Farm |
| 16:08 | Construir | Farm |
| 16:11 | Construir | Farm |
| 16:15 | Crear | Villager (Male) |
| 16:22 | Crear | Villager (Male) |
| 16:46 | Crear | Villager (Male) |
| 16:46 | Crear | Villager (Male) |
| 17:13 | Crear | Villager (Male) |
| 17:13 | Crear | Villager (Male) |
| 17:14 | Crear | Villager (Male) |
| 17:15 | Construir | Town Center |
| 17:22 | Construir | Farm |
| 17:27 | Construir | Farm |
| 17:44 | Construir | House |
| 17:45 | Crear | Villager (Male) |
| 17:55 | Crear | Villager (Male) |
| 18:00 | Crear | Villager (Male) |
| 18:01 | Crear | Villager (Male) |
| 18:01 | Crear | Villager (Male) |
| 18:08 | Construir | Farm |
| 18:12 | Construir | Farm |
| 18:16 | Construir | House |
| 18:26 | Construir | House |
| 18:31 | Construir | House |
| 18:35 | Crear | Villager (Male) |
| 18:35 | Crear | Villager (Male) |
| 18:36 | Crear | Villager (Male) |
| 18:45 | Construir | Monastery |
| 18:46 | Crear | Villager (Male) |
| 18:48 | Construir | Farm |
| 18:52 | Construir | Farm |
| 18:53 | Crear | Villager (Male) |
| 18:53 | Crear | Villager (Male) |
| 19:00 | Crear | Villager (Male) |
| 19:07 | Crear | Villager (Male) |
| 19:12 | Construir | Farm |
| 19:13 | Construir | Farm |
| 19:14 | Crear | Villager (Male) |
| 19:24 | Construir | Farm |
| 19:26 | Crear | Villager (Male) |
| 19:33 | Crear | Villager (Male) |
| 19:40 | Construir | Farm |
| 19:40 | Crear | Villager (Male) |
| 19:43 | Construir | Farm |
| 19:48 | Crear | Villager (Male) |
| 19:52 | Construir | Farm |
| 19:53 | Crear | Villager (Male) |
| 19:58 | Construir | Farm |
| 20:03 | Construir | Farm |
| 20:06 | Crear | Monk |
| 20:07 | Crear | Monk |
| 20:10 | Construir | Farm |
| 20:10 | Crear | Villager (Male) |
| 20:12 | Crear | Villager (Male) |
| 20:14 | Construir | Farm |
| 20:14 | Crear | Villager (Male) |
| 20:20 | Construir | Farm |
| 20:21 | Crear | Villager (Male) |
| 20:31 | Crear | Villager (Male) |
| 20:37 | Construir | House |
| 20:38 | Crear | Villager (Male) |
| 20:42 | Crear | Villager (Male) |
| 20:45 | Construir | Farm |
| 20:47 | Crear | Villager (Male) |
| 20:53 | Construir | House |
| 21:03 | Construir | House |
| 21:04 | Construir | House |
| 21:04 | Construir | House |
| 21:05 | Construir | House |
| 21:09 | Construir | Town Center |
| 21:10 | Crear | Villager (Male) |
| 21:15 | Crear | Villager (Male) |
| 21:18 | Crear | Villager (Male) |
| 21:21 | Crear | Monk |
| 21:29 | Crear | Villager (Male) |
| 21:32 | Construir | Farm |
| 21:38 | Investigar | Hand Cart |
| 21:39 | Investigar | Hand Cart |
| 21:40 | Crear | Villager (Male) |
| 21:41 | Crear | Villager (Male) |
| 21:41 | Crear | Villager (Male) |
| 21:45 | Construir | Farm |
| 21:46 | Crear | Villager (Male) |
Build order — 海岛奇兵常凯申
Primeras 150 de 423 acciones detectadas
| 0:01 | Crear | Villager (Male) |
| 0:02 | Construir | House |
| 0:04 | Construir | House |
| 0:13 | Crear | Villager (Male) |
| 0:14 | Crear | Villager (Male) |
| 0:14 | Crear | Villager (Male) |
| 0:14 | Crear | Villager (Male) |
| 1:37 | Crear | Villager (Male) |
| 1:37 | Crear | Villager (Male) |
| 1:44 | Construir | Lumber Camp |
| 2:13 | Crear | Villager (Male) |
| 2:36 | Crear | Villager (Male) |
| 2:37 | Crear | Villager (Male) |
| 3:16 | Construir | House |
| 3:35 | Crear | Villager (Male) |
| 3:35 | Crear | Villager (Male) |
| 3:58 | Crear | Villager (Male) |
| 3:59 | Crear | Villager (Male) |
| 3:59 | Crear | Villager (Male) |
| 3:59 | Crear | Villager (Male) |
| 4:46 | Crear | Villager (Male) |
| 4:47 | Crear | Villager (Male) |
| 4:53 | Construir | House |
| 5:32 | Construir | Mill |
| 5:49 | Crear | Villager (Male) |
| 5:49 | Crear | Villager (Male) |
| 5:49 | Crear | Villager (Male) |
| 5:56 | Crear | Villager (Male) |
| 7:19 | Construir | Farm |
| 7:43 | Construir | Barracks |
| 7:46 | Construir | Mining Camp |
| 7:50 | Investigar | Feudal Age |
| 8:43 | Crear | Villager (Male) |
| 8:44 | Crear | Villager (Male) |
| 9:16 | Construir | House |
| 10:01 | Edad | Edad Feudal |
| 10:02 | Construir | Blacksmith |
| 10:11 | Crear | Villager (Male) |
| 10:26 | Construir | Stable |
| 11:16 | Investigar | Castle Age |
| 11:16 | Investigar | Castle Age |
| 11:20 | Investigar | Double-Bit Axe |
| 11:50 | Construir | House |
| 12:06 | Investigar | Bloodlines |
| 12:13 | Investigar | Horse Collar |
| 12:44 | Construir | Farm |
| 12:55 | Construir | Farm |
| 13:05 | Construir | House |
| 13:08 | Crear | Villager (Male) |
| 13:20 | Construir | Farm |
| 13:25 | Construir | Farm |
| 13:33 | Construir | Farm |
| 13:42 | Edad | Edad de los Castillos |
| 13:45 | Crear | Knight |
| 13:50 | Construir | Farm |
| 14:12 | Crear | Villager (Male) |
| 14:18 | Construir | House |
| 14:33 | Crear | Villager (Male) |
| 15:02 | Construir | Town Center |
| 15:05 | Crear | Villager (Male) |
| 15:05 | Crear | Villager (Male) |
| 15:35 | Crear | Villager (Male) |
| 15:57 | Crear | Villager (Male) |
| 16:03 | Construir | Town Center |
| 16:11 | Crear | Villager (Male) |
| 16:12 | Crear | Villager (Male) |
| 16:13 | Construir | Farm |
| 16:20 | Crear | Villager (Male) |
| 16:34 | Crear | Villager (Male) |
| 16:37 | Construir | Farm |
| 16:56 | Construir | Farm |
| 17:01 | Construir | Farm |
| 17:02 | Crear | Villager (Male) |
| 17:05 | Construir | Farm |
| 17:23 | Crear | Villager (Male) |
| 17:23 | Crear | Villager (Male) |
| 17:30 | Construir | House |
| 17:31 | Crear | Villager (Male) |
| 17:31 | Crear | Villager (Male) |
| 17:37 | Construir | Farm |
| 17:40 | Construir | Farm |
| 17:47 | Construir | Farm |
| 17:51 | Construir | Farm |
| 17:52 | Crear | Villager (Male) |
| 17:56 | Construir | Farm |
| 18:11 | Crear | Villager (Male) |
| 18:11 | Crear | Villager (Male) |
| 18:20 | Construir | Farm |
| 18:23 | Construir | Farm |
| 18:26 | Crear | Villager (Male) |
| 18:26 | Crear | Villager (Male) |
| 18:35 | Crear | Villager (Male) |
| 18:38 | Crear | Villager (Male) |
| 18:40 | Construir | Farm |
| 18:52 | Construir | Farm |
| 18:59 | Crear | Villager (Male) |
| 18:59 | Crear | Villager (Male) |
| 19:15 | Crear | Villager (Male) |
| 19:15 | Crear | Villager (Male) |
| 19:15 | Crear | Villager (Male) |
| 19:25 | Construir | Town Center |
| 19:30 | Construir | Farm |
| 19:31 | Crear | Villager (Male) |
| 19:33 | Crear | Villager (Male) |
| 19:33 | Crear | Villager (Male) |
| 19:42 | Crear | Villager (Male) |
| 19:42 | Crear | Villager (Male) |
| 19:54 | Crear | Villager (Male) |
| 19:54 | Crear | Villager (Male) |
| 19:54 | Crear | Villager (Male) |
| 20:02 | Construir | House |
| 20:07 | Construir | House |
| 20:10 | Crear | Villager (Male) |
| 20:10 | Crear | Villager (Male) |
| 20:10 | Crear | Villager (Male) |
| 20:14 | Construir | Farm |
| 20:17 | Construir | House |
| 20:18 | Crear | Villager (Male) |
| 20:18 | Crear | Villager (Male) |
| 20:20 | Crear | Villager (Male) |
| 20:21 | Crear | Villager (Male) |
| 20:23 | Construir | Farm |
| 20:30 | Crear | Villager (Male) |
| 20:30 | Crear | Villager (Male) |
| 20:45 | Crear | Villager (Male) |
| 20:45 | Crear | Villager (Male) |
| 20:45 | Crear | Villager (Male) |
| 20:48 | Construir | Farm |
| 20:54 | Crear | Villager (Male) |
| 20:54 | Crear | Villager (Male) |
| 20:59 | Construir | Town Center |
| 21:02 | Crear | Villager (Male) |
| 21:03 | Crear | Villager (Male) |
| 21:03 | Crear | Villager (Male) |
| 21:07 | Construir | Farm |
| 21:15 | Construir | Farm |
| 21:19 | Construir | Farm |
| 21:19 | Crear | Villager (Male) |
| 21:20 | Crear | Villager (Male) |
| 21:20 | Crear | Villager (Male) |
| 21:23 | Construir | Farm |
| 21:27 | Crear | Villager (Male) |
| 21:27 | Crear | Villager (Male) |
| 21:29 | Crear | Villager (Male) |
| 21:29 | Crear | Villager (Male) |
| 21:46 | Crear | Villager (Male) |
| 21:46 | Crear | Villager (Male) |
| 21:47 | Crear | Villager (Male) |
| 21:54 | Construir | Farm |
| 21:55 | Construir | Farm |
Build order — Boost'Hate John
Primeras 150 de 311 acciones detectadas
| 0:01 | Crear | Villager (Male) |
| 0:01 | Crear | Villager (Male) |
| 0:01 | Crear | Villager (Male) |
| 0:01 | Crear | Villager (Male) |
| 0:02 | Construir | House |
| 0:03 | Construir | House |
| 1:26 | Crear | Villager (Male) |
| 1:26 | Crear | Villager (Male) |
| 1:51 | Construir | Lumber Camp |
| 2:03 | Crear | Villager (Male) |
| 2:03 | Crear | Villager (Male) |
| 2:27 | Crear | Villager (Male) |
| 2:27 | Crear | Villager (Male) |
| 3:19 | Crear | Villager (Male) |
| 3:19 | Crear | Villager (Male) |
| 3:28 | Crear | Villager (Male) |
| 3:28 | Crear | Villager (Male) |
| 3:50 | Construir | House |
| 3:52 | Crear | Villager (Male) |
| 4:19 | Crear | Villager (Male) |
| 4:20 | Crear | Villager (Male) |
| 4:20 | Crear | Villager (Male) |
| 4:22 | Construir | House |
| 5:14 | Crear | Villager (Male) |
| 5:14 | Crear | Villager (Male) |
| 5:31 | Construir | Barracks |
| 5:56 | Crear | Villager (Male) |
| 6:00 | Investigar | Loom |
| 6:31 | Construir | Mining Camp |
| 6:52 | Construir | Mill |
| 7:07 | Investigar | Feudal Age |
| 7:35 | Crear | Militia |
| 7:36 | Crear | Militia |
| 7:36 | Crear | Militia |
| 7:50 | Construir | House |
| 7:51 | Crear | Militia |
| 7:52 | Crear | Militia |
| 8:14 | Crear | Militia |
| 8:15 | Crear | Militia |
| 8:45 | Crear | Militia |
| 9:00 | Crear | Villager (Male) |
| 9:17 | Edad | Edad Feudal |
| 9:18 | Investigar | Man-at-Arms (upgrade) |
| 9:18 | Investigar | Man-at-Arms (upgrade) |
| 9:31 | Crear | Villager (Male) |
| 9:54 | Investigar | Double-Bit Axe |
| 9:54 | Investigar | Double-Bit Axe |
| 10:11 | Construir | House |
| 10:18 | Crear | Villager (Male) |
| 10:18 | Crear | Villager (Male) |
| 10:35 | Crear | Villager (Male) |
| 10:35 | Crear | Villager (Male) |
| 10:40 | Construir | Farm |
| 10:40 | Construir | Farm |
| 10:45 | Construir | House |
| 10:50 | Crear | Villager (Male) |
| 11:00 | Construir | House |
| 11:27 | Crear | Villager (Male) |
| 11:30 | Investigar | Arson |
| 11:42 | Construir | Watch Tower |
| 11:52 | Crear | Villager (Male) |
| 11:52 | Crear | Villager (Male) |
| 12:03 | Construir | House |
| 12:09 | Construir | Farm |
| 12:11 | Construir | Farm |
| 12:12 | Construir | Farm |
| 12:22 | Crear | Villager (Male) |
| 12:22 | Crear | Villager (Male) |
| 12:26 | Construir | Market |
| 12:29 | Construir | Farm |
| 12:31 | Construir | Farm |
| 12:35 | Crear | Villager (Male) |
| 12:51 | Crear | Villager (Male) |
| 13:01 | Crear | Villager (Male) |
| 13:01 | Crear | Villager (Male) |
| 13:04 | Construir | Farm |
| 13:05 | Construir | Farm |
| 13:06 | Construir | Farm |
| 13:43 | Crear | Villager (Male) |
| 13:45 | Construir | Farm |
| 13:48 | Construir | Farm |
| 13:55 | Construir | Lumber Camp |
| 14:20 | Crear | Villager (Male) |
| 14:26 | Construir | Mining Camp |
| 14:44 | Crear | Villager (Male) |
| 14:44 | Crear | Villager (Male) |
| 15:13 | Construir | Blacksmith |
| 15:20 | Crear | Villager (Male) |
| 15:55 | Construir | Lumber Camp |
| 16:01 | Crear | Villager (Male) |
| 16:09 | Construir | Watch Tower |
| 16:14 | Crear | Villager (Male) |
| 16:38 | Investigar | Fletching |
| 16:42 | Crear | Villager (Male) |
| 16:43 | Construir | Farm |
| 16:44 | Construir | Farm |
| 16:45 | Construir | Farm |
| 17:15 | Crear | Villager (Male) |
| 17:52 | Investigar | Castle Age |
| 18:33 | Crear | Villager (Male) |
| 18:34 | Investigar | Horse Collar |
| 18:35 | Investigar | Gold Mining |
| 18:35 | Investigar | Gold Mining |
| 19:05 | Construir | House |
| 19:32 | Construir | Stone Wall |
| 20:32 | Edad | Edad de los Castillos |
| 20:33 | Construir | Siege Workshop |
| 20:35 | Construir | Monastery |
| 20:45 | Crear | Villager (Male) |
| 20:47 | Investigar | Bow Saw |
| 21:03 | Crear | Villager (Male) |
| 21:16 | Crear | Monk |
| 21:16 | Crear | Monk |
| 21:29 | Crear | Villager (Male) |
| 21:42 | Crear | Villager (Male) |
| 21:47 | Crear | Mangonel |
| 21:47 | Crear | Mangonel |
| 22:06 | Crear | Villager (Male) |
| 22:06 | Crear | Villager (Male) |
| 22:18 | Construir | Farm |
| 22:28 | Crear | Mangonel |
| 22:31 | Crear | Monk |
| 23:05 | Crear | Villager (Male) |
| 23:05 | Crear | Villager (Male) |
| 23:06 | Crear | Mangonel |
| 23:22 | Crear | Villager (Male) |
| 23:24 | Construir | House |
| 23:25 | Construir | Lumber Camp |
| 24:03 | Crear | Mangonel |
| 24:03 | Crear | Villager (Male) |
| 24:04 | Crear | Villager (Male) |
| 24:04 | Crear | Villager (Male) |
| 24:25 | Construir | Castle |
| 24:34 | Crear | Villager (Male) |
| 24:34 | Crear | Villager (Male) |
| 24:56 | Construir | House |
| 24:57 | Construir | House |
| 25:51 | Crear | Monk |
| 25:52 | Crear | Monk |
| 26:05 | Crear | Mangonel |
| 26:16 | Crear | Villager (Male) |
| 26:17 | Crear | Villager (Male) |
| 26:21 | Construir | Farm |
| 26:22 | Construir | Farm |
| 26:23 | Construir | Farm |
| 26:23 | Construir | Farm |
| 27:01 | Construir | Farm |
| 27:25 | Investigar | Imperial Age |
| 27:30 | Construir | Mining Camp |
| 27:55 | Construir | Stone Wall |
Build order — T-1000
Primeras 150 de 429 acciones detectadas
| 0:01 | Crear | Villager (Male) |
| 0:01 | Crear | Villager (Male) |
| 0:03 | Construir | House |
| 0:04 | Construir | House |
| 0:24 | Crear | Villager (Male) |
| 0:27 | Crear | Villager (Male) |
| 1:25 | Crear | Villager (Male) |
| 1:25 | Crear | Villager (Male) |
| 1:51 | Crear | Villager (Male) |
| 1:58 | Construir | Lumber Camp |
| 2:30 | Crear | Villager (Male) |
| 2:30 | Crear | Villager (Male) |
| 2:56 | Crear | Villager (Male) |
| 3:18 | Crear | Villager (Male) |
| 3:48 | Construir | House |
| 3:50 | Crear | Villager (Male) |
| 4:10 | Crear | Villager (Male) |
| 4:23 | Crear | Villager (Male) |
| 4:53 | Construir | Barracks |
| 5:06 | Construir | House |
| 5:10 | Crear | Villager (Male) |
| 5:55 | Crear | Villager (Male) |
| 5:57 | Investigar | Loom |
| 6:24 | Construir | House |
| 6:49 | Investigar | Feudal Age |
| 6:54 | Construir | Mining Camp |
| 7:00 | Crear | Militia |
| 7:01 | Crear | Militia |
| 7:23 | Crear | Militia |
| 7:43 | Crear | Militia |
| 8:59 | Edad | Edad Feudal |
| 9:02 | Investigar | Man-at-Arms (upgrade) |
| 9:10 | Construir | Watch Tower |
| 9:11 | Crear | Villager (Male) |
| 9:12 | Crear | Villager (Male) |
| 9:52 | Crear | Villager (Male) |
| 10:17 | Construir | Watch Tower |
| 10:29 | Crear | Villager (Male) |
| 10:52 | Crear | Villager (Male) |
| 11:04 | Crear | Villager (Male) |
| 11:12 | Construir | Mill |
| 11:13 | Crear | Villager (Male) |
| 11:38 | Construir | Farm |
| 11:39 | Construir | Farm |
| 11:42 | Construir | Farm |
| 11:44 | Construir | Farm |
| 11:45 | Crear | Villager (Male) |
| 11:48 | Construir | House |
| 12:12 | Crear | Villager (Male) |
| 12:18 | Construir | Farm |
| 12:36 | Construir | Watch Tower |
| 12:37 | Crear | Villager (Male) |
| 12:55 | Crear | Villager (Male) |
| 12:59 | Construir | House |
| 13:15 | Construir | Farm |
| 13:15 | Crear | Villager (Male) |
| 13:26 | Crear | Villager (Male) |
| 13:36 | Construir | Stone Wall |
| 13:41 | Construir | Stone Wall |
| 13:41 | Crear | Villager (Male) |
| 13:44 | Construir | Farm |
| 14:00 | Crear | Villager (Male) |
| 14:02 | Construir | Farm |
| 14:13 | Investigar | Double-Bit Axe |
| 14:14 | Crear | Villager (Male) |
| 14:51 | Construir | Farm |
| 14:53 | Crear | Villager (Male) |
| 14:59 | Construir | Stone Wall |
| 15:00 | Crear | Villager (Male) |
| 15:23 | Crear | Villager (Male) |
| 15:31 | Crear | Villager (Male) |
| 15:47 | Construir | Gate |
| 15:50 | Crear | Villager (Male) |
| 15:56 | Construir | Watch Tower |
| 15:58 | Crear | Villager (Male) |
| 16:00 | Construir | House |
| 16:29 | Crear | Villager (Male) |
| 16:34 | Construir | House |
| 16:46 | Crear | Villager (Male) |
| 16:58 | Crear | Villager (Male) |
| 17:01 | Construir | House |
| 17:16 | Construir | Watch Tower |
| 17:35 | Crear | Villager (Male) |
| 17:42 | Investigar | Arson |
| 17:45 | Construir | House |
| 18:03 | Construir | Market |
| 18:30 | Crear | Villager (Male) |
| 18:33 | Construir | Farm |
| 18:36 | Construir | Farm |
| 18:37 | Crear | Villager (Male) |
| 18:42 | Crear | Villager (Male) |
| 19:17 | Construir | Blacksmith |
| 19:52 | Investigar | Castle Age |
| 20:21 | Investigar | Horse Collar |
| 20:27 | Construir | Stone Wall |
| 20:37 | Construir | Farm |
| 21:50 | Construir | Farm |
| 21:52 | Construir | Farm |
| 22:14 | Construir | Stone Wall |
| 22:18 | Construir | Stone Wall |
| 23:09 | Edad | Edad de los Castillos |
| 23:17 | Construir | Town Center |
| 23:21 | Construir | Town Center |
| 23:22 | Crear | Villager (Male) |
| 23:38 | Crear | Villager (Male) |
| 23:49 | Construir | Siege Workshop |
| 23:54 | Construir | Stone Wall |
| 23:56 | Construir | Stone Wall |
| 23:57 | Crear | Villager (Male) |
| 24:01 | Investigar | Bow Saw |
| 24:01 | Investigar | Bow Saw |
| 24:18 | Construir | Stone Wall |
| 24:21 | Crear | Villager (Male) |
| 24:28 | Construir | Stone Wall |
| 24:31 | Construir | Stone Wall |
| 24:36 | Crear | Mangonel |
| 24:36 | Crear | Villager (Male) |
| 24:44 | Construir | House |
| 24:53 | Investigar | Heavy Plow |
| 24:56 | Crear | Villager (Male) |
| 25:03 | Crear | Villager (Male) |
| 25:05 | Crear | Villager (Male) |
| 25:07 | Crear | Villager (Male) |
| 25:17 | Construir | Monastery |
| 25:22 | Crear | Villager (Male) |
| 25:24 | Construir | Farm |
| 25:26 | Construir | Farm |
| 25:27 | Crear | Villager (Male) |
| 25:31 | Crear | Villager (Male) |
| 25:33 | Crear | Villager (Male) |
| 25:33 | Crear | Villager (Male) |
| 25:37 | Construir | Lumber Camp |
| 25:49 | Construir | Farm |
| 25:50 | Crear | Villager (Male) |
| 25:54 | Construir | Farm |
| 25:55 | Crear | Villager (Male) |
| 25:57 | Construir | Farm |
| 25:59 | Crear | Monk |
| 26:04 | Construir | House |
| 26:09 | Crear | Villager (Male) |
| 26:11 | Crear | Villager (Male) |
| 26:15 | Construir | Farm |
| 26:17 | Construir | Farm |
| 26:18 | Crear | Villager (Male) |
| 26:21 | Construir | Farm |
| 26:21 | Crear | Villager (Male) |
| 26:24 | Construir | Farm |
| 26:26 | Investigar | Wheelbarrow |
| 26:31 | Construir | Farm |
| 26:31 | Crear | Villager (Male) |
Build order — Zionic
Primeras 150 de 652 acciones detectadas
| 0:01 | Crear | Villager (Male) |
| 0:02 | Construir | House |
| 0:03 | Construir | House |
| 0:17 | Crear | Villager (Male) |
| 0:31 | Crear | Villager (Male) |
| 0:31 | Crear | Villager (Male) |
| 1:30 | Crear | Villager (Male) |
| 1:31 | Crear | Villager (Male) |
| 1:45 | Crear | Villager (Male) |
| 1:57 | Crear | Villager (Male) |
| 1:57 | Crear | Villager (Male) |
| 2:37 | Construir | Lumber Camp |
| 2:52 | Crear | Villager (Male) |
| 2:52 | Crear | Villager (Male) |
| 3:06 | Crear | Villager (Male) |
| 3:06 | Crear | Villager (Male) |
| 3:24 | Construir | House |
| 3:25 | Construir | House |
| 3:46 | Crear | Villager (Male) |
| 3:47 | Crear | Villager (Male) |
| 3:47 | Crear | Villager (Male) |
| 4:28 | Crear | Villager (Male) |
| 5:30 | Construir | Mill |
| 5:47 | Crear | Villager (Male) |
| 5:49 | Crear | Villager (Male) |
| 5:53 | Crear | Villager (Male) |
| 6:15 | Construir | Farm |
| 7:03 | Crear | Villager (Male) |
| 7:17 | Investigar | Feudal Age |
| 7:17 | Investigar | Feudal Age |
| 7:17 | Investigar | Feudal Age |
| 7:20 | Crear | Villager (Male) |
| 7:20 | Crear | Villager (Male) |
| 7:56 | Investigar | Feudal Age |
| 7:56 | Investigar | Feudal Age |
| 7:59 | Crear | Villager (Male) |
| 8:00 | Investigar | Feudal Age |
| 8:26 | Construir | Mining Camp |
| 9:11 | Construir | House |
| 9:13 | Construir | Barracks |
| 10:31 | Crear | Villager (Male) |
| 10:31 | Crear | Villager (Male) |
| 10:56 | Edad | Edad Feudal |
| 10:58 | Construir | Stable |
| 10:59 | Construir | Blacksmith |
| 11:47 | Investigar | Castle Age |
| 11:47 | Investigar | Castle Age |
| 11:54 | Investigar | Double-Bit Axe |
| 12:11 | Investigar | Horse Collar |
| 12:22 | Construir | Farm |
| 12:24 | Construir | Farm |
| 12:28 | Construir | Farm |
| 12:58 | Construir | Farm |
| 12:59 | Construir | Farm |
| 13:23 | Crear | Villager (Male) |
| 13:33 | Construir | House |
| 14:27 | Edad | Edad de los Castillos |
| 14:32 | Construir | Town Center |
| 14:53 | Crear | Villager (Male) |
| 15:10 | Crear | Villager (Male) |
| 15:15 | Construir | Town Center |
| 15:29 | Construir | Farm |
| 15:44 | Construir | Farm |
| 15:44 | Crear | Villager (Male) |
| 15:50 | Construir | Farm |
| 16:07 | Crear | Villager (Male) |
| 16:13 | Construir | Farm |
| 16:16 | Crear | Villager (Male) |
| 16:22 | Construir | Farm |
| 16:26 | Crear | Villager (Male) |
| 16:26 | Crear | Villager (Male) |
| 16:31 | Construir | Farm |
| 16:39 | Crear | Villager (Male) |
| 16:49 | Crear | Villager (Male) |
| 16:52 | Construir | Farm |
| 16:58 | Construir | Farm |
| 16:59 | Crear | Villager (Male) |
| 17:06 | Construir | Farm |
| 17:07 | Crear | Villager (Male) |
| 17:09 | Crear | Villager (Male) |
| 17:14 | Construir | Farm |
| 17:16 | Crear | Villager (Male) |
| 17:16 | Crear | Villager (Male) |
| 17:29 | Construir | House |
| 17:29 | Construir | House |
| 17:41 | Construir | Farm |
| 17:45 | Construir | Farm |
| 17:51 | Crear | Villager (Male) |
| 17:51 | Crear | Villager (Male) |
| 17:51 | Crear | Villager (Male) |
| 17:52 | Crear | Villager (Male) |
| 17:53 | Construir | Farm |
| 18:07 | Construir | Farm |
| 18:17 | Crear | Villager (Male) |
| 18:24 | Construir | Monastery |
| 18:25 | Crear | Villager (Male) |
| 18:30 | Crear | Villager (Male) |
| 18:30 | Crear | Villager (Male) |
| 18:43 | Crear | Villager (Male) |
| 18:46 | Construir | Farm |
| 18:49 | Construir | Farm |
| 18:53 | Crear | Villager (Male) |
| 18:58 | Crear | Villager (Male) |
| 19:00 | Construir | House |
| 19:00 | Construir | House |
| 19:06 | Construir | Farm |
| 19:07 | Crear | Villager (Male) |
| 19:12 | Crear | Monk |
| 19:19 | Crear | Knight |
| 19:27 | Investigar | Loom |
| 19:27 | Investigar | Loom |
| 19:28 | Investigar | Heavy Plow |
| 19:28 | Crear | Villager (Male) |
| 19:28 | Crear | Villager (Male) |
| 19:36 | Crear | Villager (Male) |
| 19:41 | Construir | Mill |
| 19:42 | Construir | Farm |
| 19:49 | Construir | House |
| 19:53 | Crear | Villager (Male) |
| 19:53 | Crear | Villager (Male) |
| 19:53 | Crear | Villager (Male) |
| 19:56 | Construir | Farm |
| 19:58 | Construir | Farm |
| 20:06 | Construir | Lumber Camp |
| 20:09 | Crear | Villager (Male) |
| 20:09 | Crear | Villager (Male) |
| 20:14 | Construir | Farm |
| 20:17 | Construir | Farm |
| 20:24 | Crear | Villager (Male) |
| 20:26 | Construir | House |
| 20:34 | Crear | Villager (Male) |
| 20:37 | Construir | Farm |
| 20:38 | Crear | Villager (Male) |
| 20:45 | Construir | Farm |
| 20:46 | Crear | Villager (Male) |
| 20:54 | Crear | Villager (Male) |
| 21:00 | Investigar | Bow Saw |
| 21:01 | Crear | Villager (Male) |
| 21:01 | Crear | Villager (Male) |
| 21:04 | Construir | House |
| 21:04 | Construir | House |
| 21:09 | Crear | Villager (Male) |
| 21:09 | Crear | Villager (Male) |
| 21:14 | Crear | Villager (Male) |
| 21:28 | Construir | Farm |
| 21:31 | Construir | Farm |
| 21:32 | Crear | Villager (Male) |
| 21:34 | Investigar | Wheelbarrow |
| 21:35 | Investigar | Wheelbarrow |
| 21:41 | Construir | Farm |
Build order — Daniel Chassagnez
Primeras 150 de 706 acciones detectadas
| 0:01 | Crear | Villager (Male) |
| 0:01 | Crear | Villager (Male) |
| 0:01 | Crear | Villager (Male) |
| 0:02 | Construir | House |
| 0:05 | Construir | House |
| 0:10 | Crear | Villager (Male) |
| 0:10 | Crear | Villager (Male) |
| 1:28 | Crear | Villager (Male) |
| 1:28 | Crear | Villager (Male) |
| 1:55 | Construir | Lumber Camp |
| 2:03 | Crear | Villager (Male) |
| 2:03 | Crear | Villager (Male) |
| 2:22 | Crear | Villager (Male) |
| 2:22 | Crear | Villager (Male) |
| 3:05 | Crear | Villager (Male) |
| 3:05 | Crear | Villager (Male) |
| 3:05 | Crear | Villager (Male) |
| 3:30 | Crear | Villager (Male) |
| 3:58 | Construir | House |
| 4:07 | Crear | Villager (Male) |
| 4:47 | Crear | Villager (Male) |
| 4:47 | Crear | Villager (Male) |
| 4:47 | Crear | Villager (Male) |
| 4:47 | Crear | Villager (Male) |
| 5:11 | Crear | Villager (Male) |
| 5:39 | Crear | Villager (Male) |
| 5:43 | Crear | Villager (Male) |
| 5:57 | Crear | Villager (Male) |
| 5:59 | Crear | Villager (Male) |
| 6:10 | Construir | Mill |
| 6:11 | Crear | Villager (Male) |
| 6:27 | Investigar | Loom |
| 6:29 | Crear | Villager (Male) |
| 6:53 | Investigar | Feudal Age |
| 6:54 | Investigar | Feudal Age |
| 7:00 | Construir | House |
| 9:02 | Crear | Villager (Male) |
| 9:04 | Edad | Edad Feudal |
| 9:07 | Crear | Villager (Male) |
| 9:10 | Crear | Villager (Male) |
| 9:13 | Construir | Town Center |
| 9:14 | Crear | Villager (Male) |
| 9:17 | Crear | Villager (Male) |
| 9:22 | Crear | Villager (Male) |
| 9:25 | Investigar | Double-Bit Axe |
| 9:37 | Crear | Villager (Male) |
| 9:42 | Investigar | Horse Collar |
| 9:42 | Investigar | Horse Collar |
| 9:43 | Crear | Villager (Male) |
| 9:53 | Crear | Villager (Male) |
| 9:56 | Crear | Villager (Male) |
| 10:01 | Crear | Villager (Male) |
| 10:12 | Crear | Villager (Male) |
| 10:17 | Construir | House |
| 10:18 | Crear | Villager (Male) |
| 10:21 | Crear | Villager (Male) |
| 10:23 | Construir | Farm |
| 10:24 | Crear | Villager (Male) |
| 10:29 | Crear | Villager (Male) |
| 10:29 | Crear | Villager (Male) |
| 10:32 | Crear | Villager (Male) |
| 10:44 | Crear | Villager (Male) |
| 10:48 | Crear | Villager (Male) |
| 10:49 | Construir | Farm |
| 10:50 | Crear | Villager (Male) |
| 10:57 | Crear | Villager (Male) |
| 11:00 | Construir | Farm |
| 11:01 | Construir | Farm |
| 11:09 | Crear | Villager (Male) |
| 11:09 | Crear | Villager (Male) |
| 11:13 | Construir | Farm |
| 11:25 | Crear | Villager (Male) |
| 11:26 | Crear | Villager (Male) |
| 11:38 | Construir | Farm |
| 12:00 | Crear | Villager (Male) |
| 12:03 | Investigar | Loom |
| 12:04 | Crear | Villager (Male) |
| 12:06 | Construir | Farm |
| 12:08 | Construir | Farm |
| 12:10 | Crear | Villager (Male) |
| 12:29 | Construir | Farm |
| 12:31 | Crear | Villager (Male) |
| 12:31 | Crear | Villager (Male) |
| 12:35 | Construir | House |
| 12:49 | Crear | Villager (Male) |
| 12:49 | Crear | Villager (Male) |
| 12:51 | Construir | House |
| 13:00 | Construir | Farm |
| 13:04 | Construir | Farm |
| 13:07 | Construir | Farm |
| 13:09 | Crear | Villager (Male) |
| 13:10 | Crear | Villager (Male) |
| 13:14 | Crear | Villager (Male) |
| 13:17 | Construir | Farm |
| 13:30 | Crear | Villager (Male) |
| 13:30 | Crear | Villager (Male) |
| 13:31 | Crear | Villager (Male) |
| 13:33 | Construir | Farm |
| 13:37 | Crear | Villager (Male) |
| 13:41 | Construir | Farm |
| 13:42 | Crear | Villager (Male) |
| 13:45 | Construir | Farm |
| 13:56 | Construir | Market |
| 13:58 | Crear | Villager (Male) |
| 14:00 | Crear | Villager (Male) |
| 14:03 | Crear | Villager (Male) |
| 14:04 | Crear | Villager (Male) |
| 14:07 | Crear | Villager (Male) |
| 14:08 | Construir | Farm |
| 14:09 | Crear | Villager (Male) |
| 14:13 | Construir | Farm |
| 14:17 | Crear | Villager (Male) |
| 14:22 | Construir | House |
| 14:37 | Investigar | Wheelbarrow |
| 14:40 | Crear | Villager (Male) |
| 14:44 | Construir | Mining Camp |
| 14:46 | Crear | Villager (Male) |
| 14:54 | Crear | Villager (Male) |
| 15:07 | Crear | Villager (Male) |
| 15:16 | Construir | House |
| 15:32 | Construir | House |
| 15:37 | Construir | House |
| 15:41 | Crear | Villager (Male) |
| 15:46 | Crear | Villager (Male) |
| 15:50 | Crear | Villager (Male) |
| 15:56 | Crear | Villager (Male) |
| 16:10 | Crear | Villager (Male) |
| 16:12 | Crear | Villager (Male) |
| 16:17 | Crear | Villager (Male) |
| 16:35 | Crear | Villager (Male) |
| 16:42 | Construir | Blacksmith |
| 16:44 | Crear | Villager (Male) |
| 16:47 | Crear | Villager (Male) |
| 16:51 | Construir | House |
| 16:55 | Construir | Palisade Wall |
| 17:17 | Construir | House |
| 17:35 | Investigar | Castle Age |
| 17:36 | Crear | Villager (Male) |
| 17:39 | Crear | Villager (Male) |
| 17:45 | Crear | Villager (Male) |
| 17:47 | Crear | Villager (Male) |
| 17:57 | Construir | Watch Tower |
| 17:58 | Crear | Villager (Male) |
| 17:58 | Crear | Villager (Male) |
| 18:04 | Investigar | Fletching |
| 18:08 | Investigar | Scale Barding Armor |
| 18:11 | Construir | Barracks |
| 18:13 | Crear | Villager (Male) |
| 18:13 | Crear | Villager (Male) |
| 18:43 | Construir | House |
Build order — AncientKing
Primeras 150 de 420 acciones detectadas
| 0:03 | Crear | Villager (Male) ×4 |
| 0:04 | Crear | Villager (Male) ×4 |
| 0:05 | Construir | House |
| 0:08 | Construir | House |
| 1:34 | Crear | Villager (Male) |
| 1:35 | Crear | Villager (Male) |
| 1:58 | Construir | Lumber Camp |
| 2:12 | Crear | Villager (Male) |
| 2:12 | Crear | Villager (Male) |
| 2:25 | Crear | Villager (Male) |
| 2:25 | Crear | Villager (Male) |
| 3:00 | Crear | Villager (Male) |
| 3:00 | Crear | Villager (Male) |
| 3:08 | Crear | Villager (Male) |
| 3:09 | Crear | Villager (Male) |
| 3:25 | Investigar | Loom |
| 3:47 | Crear | Villager (Male) |
| 3:48 | Crear | Villager (Male) |
| 4:02 | Crear | Villager (Male) |
| 4:07 | Construir | House |
| 4:10 | Construir | House |
| 4:13 | Construir | Palisade Wall |
| 4:18 | Crear | Villager (Male) |
| 4:18 | Crear | Villager (Male) |
| 4:41 | Crear | Villager (Male) |
| 4:41 | Crear | Villager (Male) |
| 4:51 | Construir | Palisade Wall |
| 5:04 | Crear | Villager (Male) |
| 5:05 | Crear | Villager (Male) |
| 5:32 | Crear | Villager (Male) |
| 6:02 | Crear | Villager (Male) |
| 6:05 | Construir | House |
| 6:28 | Construir | Palisade Wall |
| 6:37 | Crear | Villager (Male) |
| 7:17 | Construir | Mill |
| 7:22 | Construir | Palisade Wall |
| 7:34 | Crear | Villager (Male) |
| 7:47 | Construir | Palisade Wall |
| 8:18 | Investigar | Feudal Age |
| 8:19 | Investigar | Feudal Age |
| 9:07 | Construir | Mining Camp |
| 9:42 | Construir | Palisade Wall |
| 10:03 | Crear | Villager (Male) |
| 10:13 | Construir | Palisade Wall |
| 10:22 | Construir | Palisade Wall |
| 10:28 | Edad | Edad Feudal |
| 10:31 | Crear | Villager (Male) |
| 10:31 | Crear | Villager (Male) |
| 10:37 | Construir | Stone Wall |
| 10:38 | Construir | Stone Wall |
| 10:40 | Construir | Stone Wall |
| 10:46 | Construir | House |
| 10:49 | Construir | Stone Wall |
| 10:55 | Construir | House |
| 10:56 | Construir | House |
| 11:06 | Construir | Stone Wall |
| 11:12 | Crear | Villager (Male) |
| 11:35 | Construir | Stone Wall |
| 11:43 | Crear | Villager (Male) |
| 12:09 | Crear | Villager (Male) |
| 12:12 | Construir | Mining Camp |
| 13:03 | Construir | Watch Tower |
| 13:14 | Crear | Villager (Male) |
| 13:14 | Crear | Villager (Male) |
| 13:16 | Construir | Blacksmith |
| 13:27 | Construir | Outpost |
| 13:52 | Investigar | Double-Bit Axe |
| 13:52 | Investigar | Double-Bit Axe |
| 14:05 | Construir | Mining Camp |
| 14:17 | Crear | Villager (Male) |
| 14:33 | Construir | Watch Tower |
| 14:40 | Crear | Villager (Male) |
| 14:42 | Construir | Farm |
| 14:46 | Construir | House |
| 14:54 | Construir | House |
| 14:55 | Construir | House |
| 15:11 | Construir | Farm |
| 15:14 | Crear | Villager (Male) |
| 15:16 | Investigar | Town Watch |
| 15:19 | Construir | Outpost |
| 15:25 | Crear | Villager (Male) |
| 16:03 | Crear | Villager (Male) |
| 16:17 | Construir | Watch Tower |
| 16:34 | Construir | Stone Wall |
| 16:47 | Crear | Villager (Male) |
| 17:05 | Investigar | Fletching |
| 17:06 | Investigar | Fletching |
| 17:09 | Construir | Farm |
| 17:12 | Crear | Villager (Male) |
| 17:34 | Construir | Watch Tower |
| 17:42 | Crear | Villager (Male) |
| 17:47 | Construir | Farm |
| 17:49 | Construir | Farm |
| 18:13 | Crear | Villager (Male) |
| 18:13 | Crear | Villager (Male) |
| 18:35 | Construir | Farm |
| 18:36 | Construir | Farm |
| 18:37 | Construir | Farm |
| 19:05 | Crear | Villager (Male) |
| 19:06 | Crear | Villager (Male) |
| 19:10 | Construir | Market |
| 19:23 | Construir | Stone Wall |
| 19:29 | Construir | House |
| 19:45 | Construir | Farm |
| 20:30 | Construir | Farm |
| 20:33 | Investigar | Castle Age |
| 20:33 | Investigar | Castle Age |
| 21:05 | Investigar | Horse Collar |
| 21:05 | Investigar | Horse Collar |
| 23:13 | Edad | Edad de los Castillos |
| 23:15 | Investigar | Bodkin Arrow |
| 23:15 | Investigar | Bodkin Arrow |
| 23:17 | Construir | University |
| 23:20 | Crear | Villager (Male) |
| 23:21 | Crear | Villager (Male) |
| 23:32 | Construir | Town Center |
| 23:53 | Crear | Villager (Male) |
| 23:53 | Crear | Villager (Male) |
| 24:09 | Investigar | Guard Tower (upgrade) |
| 24:09 | Investigar | Guard Tower (upgrade) |
| 24:24 | Construir | Watch Tower |
| 24:45 | Crear | Villager (Male) |
| 24:48 | Crear | Villager (Male) |
| 24:48 | Crear | Villager (Male) |
| 25:29 | Construir | Stone Wall |
| 25:38 | Construir | Gate |
| 26:05 | Construir | Castle |
| 26:19 | Crear | Villager (Male) |
| 26:20 | Crear | Villager (Male) |
| 26:34 | Construir | Town Center |
| 26:37 | Investigar | Wheelbarrow |
| 26:37 | Investigar | Wheelbarrow |
| 26:41 | Investigar | Bow Saw |
| 26:41 | Investigar | Bow Saw |
| 26:43 | Crear | Villager (Male) |
| 26:43 | Crear | Villager (Male) |
| 26:57 | Investigar | Fortified Wall (upgrade) |
| 26:57 | Investigar | Fortified Wall (upgrade) |
| 27:07 | Construir | Lumber Camp |
| 27:21 | Construir | Farm |
| 27:22 | Construir | Farm |
| 27:23 | Construir | Farm |
| 27:24 | Construir | Farm |
| 27:29 | Crear | Villager (Male) ×2 |
| 27:50 | Crear | Villager (Male) |
| 27:51 | Crear | Villager (Male) |
| 28:03 | Construir | Farm |
| 28:05 | Construir | Farm |
| 28:22 | Investigar | Heavy Plow |
| 28:22 | Investigar | Heavy Plow |
Build order — Nux
Primeras 150 de 484 acciones detectadas
| 0:01 | Crear | Villager (Male) |
| 0:01 | Crear | Villager (Male) |
| 0:02 | Construir | House |
| 0:04 | Construir | House |
| 0:29 | Crear | Villager (Male) |
| 0:30 | Crear | Villager (Male) |
| 0:30 | Crear | Villager (Male) |
| 1:35 | Crear | Villager (Male) |
| 1:35 | Crear | Villager (Male) |
| 1:45 | Construir | Lumber Camp |
| 2:17 | Crear | Villager (Male) |
| 2:17 | Crear | Villager (Male) |
| 2:17 | Crear | Villager (Male) |
| 3:18 | Crear | Villager (Male) |
| 3:18 | Crear | Villager (Male) |
| 3:19 | Crear | Villager (Male) |
| 3:31 | Construir | House |
| 3:33 | Construir | House |
| 3:36 | Crear | Villager (Male) |
| 3:36 | Crear | Villager (Male) |
| 4:30 | Crear | Villager (Male) |
| 4:37 | Construir | Mill |
| 4:44 | Crear | Villager (Male) |
| 5:19 | Crear | Villager (Male) |
| 5:22 | Construir | Farm |
| 5:28 | Crear | Villager (Male) |
| 5:42 | Crear | Villager (Male) |
| 5:59 | Construir | Farm |
| 6:07 | Crear | Villager (Male) |
| 6:07 | Crear | Villager (Male) |
| 6:54 | Construir | Mining Camp |
| 7:20 | Construir | House |
| 7:29 | Crear | Villager (Male) |
| 7:57 | Investigar | Feudal Age |
| 8:16 | Crear | Villager (Male) |
| 8:16 | Investigar | Loom |
| 8:24 | Construir | Barracks |
| 9:28 | Construir | House |
| 9:37 | Construir | Palisade Wall |
| 9:57 | Construir | House |
| 9:59 | Construir | Palisade Wall |
| 10:06 | Edad | Edad Feudal |
| 10:07 | Construir | Palisade Wall |
| 10:12 | Construir | House |
| 10:22 | Construir | Watch Tower |
| 10:43 | Crear | Villager (Male) |
| 10:49 | Construir | Farm |
| 11:21 | Crear | Villager (Male) |
| 11:25 | Construir | Mining Camp |
| 11:34 | Crear | Villager (Male) |
| 11:36 | Construir | Farm |
| 11:38 | Construir | Farm |
| 11:51 | Construir | Archery Range |
| 12:10 | Crear | Villager (Male) |
| 12:34 | Crear | Villager (Male) |
| 12:35 | Construir | Farm |
| 12:37 | Construir | Farm |
| 13:01 | Construir | Stone Wall |
| 13:08 | Crear | Villager (Male) |
| 13:09 | Crear | Villager (Male) |
| 13:11 | Construir | Farm |
| 13:22 | Crear | Villager (Male) |
| 13:47 | Investigar | Horse Collar |
| 14:08 | Construir | Market |
| 14:16 | Construir | Palisade Wall |
| 14:24 | Crear | Villager (Male) |
| 14:40 | Construir | Farm |
| 14:46 | Crear | Villager (Male) |
| 15:26 | Crear | Villager (Male) |
| 15:39 | Construir | Archery Range |
| 15:50 | Crear | Villager (Male) |
| 16:04 | Construir | Blacksmith |
| 16:14 | Investigar | Castle Age |
| 16:24 | Construir | Farm |
| 16:36 | Investigar | Double-Bit Axe |
| 16:38 | Crear | Archer |
| 16:52 | Investigar | Fletching |
| 16:52 | Crear | Archer |
| 17:43 | Crear | Archer |
| 17:44 | Crear | Archer |
| 18:03 | Investigar | Horse Collar |
| 18:11 | Construir | Farm |
| 18:48 | Crear | Archer |
| 18:49 | Crear | Archer |
| 18:50 | Crear | Villager (Male) |
| 18:52 | Investigar | Wheelbarrow |
| 18:56 | Edad | Edad de los Castillos |
| 19:01 | Construir | Town Center |
| 19:08 | Investigar | Bow Saw |
| 19:16 | Construir | Town Center |
| 19:22 | Investigar | Crossbowman (upgrade) |
| 19:41 | Investigar | Bodkin Arrow |
| 19:52 | Construir | Lumber Camp |
| 20:05 | Crear | Villager (Male) |
| 20:09 | Crear | Villager (Male) |
| 20:14 | Construir | Farm |
| 20:28 | Crear | Villager (Male) |
| 20:29 | Crear | Villager (Male) |
| 20:38 | Construir | Farm |
| 20:39 | Crear | Villager (Male) |
| 20:46 | Construir | Farm |
| 20:57 | Construir | Farm |
| 20:58 | Crear | Villager (Male) |
| 20:58 | Crear | Villager (Male) |
| 21:02 | Crear | Archer |
| 21:07 | Construir | Farm |
| 21:15 | Crear | Villager (Male) |
| 21:25 | Construir | Farm |
| 21:28 | Construir | Farm |
| 21:29 | Crear | Villager (Male) |
| 21:32 | Construir | Farm |
| 21:36 | Construir | Farm |
| 21:37 | Crear | Villager (Male) |
| 21:37 | Crear | Villager (Male) |
| 21:40 | Construir | House |
| 21:42 | Construir | House |
| 21:44 | Construir | House |
| 21:47 | Crear | Villager (Male) |
| 21:47 | Crear | Villager (Male) |
| 21:55 | Construir | Farm |
| 21:56 | Crear | Villager (Male) |
| 21:57 | Crear | Villager (Male) |
| 22:00 | Construir | Farm |
| 22:04 | Crear | Villager (Male) |
| 22:04 | Crear | Villager (Male) |
| 22:08 | Construir | Farm |
| 22:18 | Construir | Farm |
| 22:21 | Construir | Farm |
| 22:23 | Crear | Villager (Male) |
| 22:23 | Crear | Villager (Male) |
| 22:23 | Crear | Villager (Male) |
| 22:29 | Crear | Villager (Male) |
| 22:29 | Crear | Villager (Male) |
| 22:35 | Construir | Farm |
| 22:37 | Construir | Farm |
| 22:41 | Crear | Villager (Male) |
| 22:54 | Construir | Siege Workshop |
| 22:56 | Crear | Villager (Male) |
| 22:57 | Crear | Villager (Male) |
| 22:57 | Crear | Villager (Male) |
| 22:58 | Crear | Villager (Male) |
| 23:00 | Construir | Farm |
| 23:06 | Construir | Farm |
| 23:20 | Construir | Farm |
| 23:22 | Crear | Villager (Male) |
| 23:22 | Crear | Villager (Male) |
| 23:40 | Crear | Villager (Male) |
| 23:40 | Crear | Villager (Male) |
| 23:49 | Crear | Villager (Male) |
| 23:50 | Crear | Villager (Male) |
Cronología de la partida
| 4:13 | AncientKing · wall_segment Palisade Wall x9 |
| 4:51 | AncientKing · wall_segment Palisade Wall x21 |
| 4:53 | T-1000 · first_building Barracks |
| 5:31 | Boost'Hate John · first_building Barracks |
| 6:28 | AncientKing · wall_segment Palisade Wall x1 |
| 7:22 | AncientKing · wall_segment Palisade Wall x7 |
| 7:43 | 海岛奇兵常凯申 · first_building Barracks |
| 7:47 | AncientKing · wall_segment Palisade Wall x21 |
| 8:24 | Nux · first_building Barracks |
| 8:59 | T-1000 · age_up feudal |
| 9:04 | Daniel Chassagnez · age_up feudal |
| 9:13 | Zionic · first_building Barracks |
| 9:17 | Boost'Hate John · age_up feudal |
| 9:37 | Nux · wall_segment Palisade Wall x4 |
| 9:42 | AncientKing · wall_segment Palisade Wall x4 |
| 9:59 | Nux · wall_segment Palisade Wall x1 |
| 10:01 | 海岛奇兵常凯申 · age_up feudal |
| 10:06 | Nux · age_up feudal |
| 10:07 | Nux · wall_segment Palisade Wall x1 |
| 10:13 | AncientKing · wall_segment Palisade Wall x4 |
| 10:22 | AncientKing · wall_segment Palisade Wall x2 |
| 10:26 | 海岛奇兵常凯申 · first_building Stable |
| 10:28 | AncientKing · age_up feudal |
| 10:31 | Uniics · age_up feudal |
| 10:37 | AncientKing · wall_segment Stone Wall x2 |
| 10:38 | AncientKing · wall_segment Stone Wall x2 |
| 10:40 | AncientKing · wall_segment Stone Wall x7 |
| 10:49 | AncientKing · wall_segment Stone Wall x21 |
| 10:56 | Zionic · age_up feudal |
| 10:58 | Zionic · first_building Stable |
| 11:06 | AncientKing · wall_segment Stone Wall x5 |
| 11:35 | AncientKing · wall_segment Stone Wall x1 |
| 11:51 | Nux · first_building Archery Range |
| 13:01 | Nux · wall_segment Stone Wall x7 |
| 13:36 | T-1000 · wall_segment Stone Wall x6 |
| 13:41 | T-1000 · wall_segment Stone Wall x8 |
| 13:42 | 海岛奇兵常凯申 · age_up castle |
| 14:16 | Nux · wall_segment Palisade Wall x1 |
| 14:26 | Uniics · age_up castle |
| 14:27 | Zionic · age_up castle |
| 14:59 | T-1000 · wall_segment Stone Wall x13 |
| 16:22 | Daniel Chassagnez · first_market_sell 100 wood |
| 16:23 | Daniel Chassagnez · first_market_buy 100 food |
| 16:34 | AncientKing · wall_segment Stone Wall x1 |
| 16:55 | Daniel Chassagnez · wall_segment Palisade Wall x7 |
| 18:11 | Daniel Chassagnez · first_building Barracks |
| 18:24 | Zionic · first_building Monastery |
| 18:45 | Uniics · first_building Monastery |
| 18:56 | Nux · age_up castle |
| 19:05 | Daniel Chassagnez · first_building Stable |
| 19:23 | AncientKing · wall_segment Stone Wall x1 |
| 19:32 | Boost'Hate John · wall_segment Stone Wall x12 |
| 20:15 | Daniel Chassagnez · age_up castle |
| 20:18 | AncientKing · first_market_buy 500 food |
| 20:20 | AncientKing · first_market_sell 100 wood |
| 20:27 | T-1000 · wall_segment Stone Wall x7 |
| 20:32 | Boost'Hate John · age_up castle |
| 20:33 | Boost'Hate John · first_building Siege Workshop |
| 20:35 | Boost'Hate John · first_building Monastery |
| 20:41 | Uniics · first_market_buy 100 stone |
| 21:34 | Boost'Hate John · first_market_buy 100 wood |
| 22:14 | T-1000 · wall_segment Stone Wall x4 |
| 22:18 | T-1000 · wall_segment Stone Wall x4 |
| 22:24 | Boost'Hate John · first_market_sell 100 food |
| 22:54 | Nux · first_building Siege Workshop |
| 23:09 | T-1000 · age_up castle |
| 23:13 | AncientKing · age_up castle |
| 23:37 | Zionic · first_building Archery Range |
| 23:49 | T-1000 · first_building Siege Workshop |
| 23:54 | T-1000 · wall_segment Stone Wall x1 |
| 23:56 | T-1000 · wall_segment Stone Wall x1 |
| 24:18 | T-1000 · wall_segment Stone Wall x1 |
| 24:25 | Boost'Hate John · first_building Castle |
| 24:28 | T-1000 · wall_segment Stone Wall x10 |
| 24:31 | T-1000 · wall_segment Stone Wall x2 |
| 24:44 | Uniics · first_building Barracks |
| 24:59 | 海岛奇兵常凯申 · first_building Monastery |
| 25:17 | T-1000 · first_building Monastery |
| 25:17 | Nux · wall_segment Stone Wall x4 |
| 25:29 | AncientKing · wall_segment Stone Wall x1 |
| 25:32 | Uniics · first_market_sell 100 food |
| 26:01 | Uniics · first_building Stable |
| 26:05 | AncientKing · first_building Castle |
| 26:27 | Zionic · first_building Castle |
| 26:41 | Nux · wall_segment Stone Wall x9 |
| 26:52 | Daniel Chassagnez · first_building Monastery |
| 27:35 | T-1000 · wall_segment Stone Wall x1 |
| 27:55 | Boost'Hate John · wall_segment Stone Wall x15 |
| 27:58 | Zionic · age_up imperial |
| 28:12 | Nux · first_building Monastery |
| 28:28 | 海岛奇兵常凯申 · age_up imperial |
| 28:30 | AncientKing · first_building Siege Workshop |
| 28:56 | Uniics · age_up imperial |
| 28:57 | Uniics · first_building Castle |
| 29:14 | Nux · wall_segment Stone Wall x15 |
| 29:18 | Nux · first_market_sell 100 wood |
| 30:07 | 海岛奇兵常凯申 · first_building Castle |
| 30:47 | Boost'Hate John · age_up imperial |
| 30:48 | T-1000 · first_building Archery Range |
| 30:57 | Nux · first_building Castle |
| 31:08 | T-1000 · wall_segment Stone Wall x1 |
| 31:24 | Daniel Chassagnez · age_up imperial |
| 31:31 | Nux · wall_segment Stone Wall x29 |
| 31:35 | 海岛奇兵常凯申 · first_building Siege Workshop |
| 31:57 | AncientKing · wall_segment Stone Wall x3 |
| 32:21 | AncientKing · first_building Barracks |
| 32:25 | Uniics · wall_segment Stone Wall x22 |
| 32:47 | Uniics · tribute_sent a jugador 1 |
| 32:47 | Uniics · tribute_sent a jugador 2 |
| 32:47 | Uniics · tribute_sent a jugador 3 |
| 32:47 | Uniics · tribute_sent a jugador 5 |
| 32:47 | Uniics · tribute_sent a jugador 6 |
| 32:47 | Uniics · tribute_sent a jugador 7 |
| 32:47 | Uniics · tribute_sent a jugador 8 |
| 32:47 | Zionic · wall_segment Palisade Wall x1 |
| 32:48 | Zionic · wall_segment Palisade Wall x1 |
| 33:19 | T-1000 · first_building Castle |
| 33:48 | Nux · age_up imperial |
| 34:10 | Uniics · tribute_sent a jugador 1 |
| 34:10 | Uniics · tribute_sent a jugador 2 |
| 34:10 | Uniics · tribute_sent a jugador 3 |
| 34:10 | Uniics · tribute_sent a jugador 5 |
| 34:10 | Uniics · tribute_sent a jugador 6 |
| 34:10 | Uniics · tribute_sent a jugador 7 |
| 34:10 | Uniics · tribute_sent a jugador 8 |
| 34:12 | Nux · first_market_buy 100 stone |
| 34:16 | Daniel Chassagnez · tribute_sent a jugador 1 |
| 34:16 | Daniel Chassagnez · tribute_sent a jugador 2 |
| 34:16 | Daniel Chassagnez · tribute_sent a jugador 3 |
| 34:16 | Daniel Chassagnez · tribute_sent a jugador 4 |
| 34:16 | Daniel Chassagnez · tribute_sent a jugador 5 |
| 34:16 | Daniel Chassagnez · tribute_sent a jugador 7 |
| 34:16 | Daniel Chassagnez · tribute_sent a jugador 8 |
| 34:18 | Zionic · wall_segment Palisade Wall x1 |
| 34:54 | T-1000 · age_up imperial |
| 35:31 | Daniel Chassagnez · first_building Castle |
| 36:19 | Nux · wall_segment Stone Wall x44 |
| 36:44 | Uniics · tribute_sent a jugador 1 |
| 36:44 | Uniics · tribute_sent a jugador 2 |
| 36:44 | Uniics · tribute_sent a jugador 3 |
| 36:44 | Uniics · tribute_sent a jugador 5 |
| 36:44 | Uniics · tribute_sent a jugador 6 |
| 36:44 | Uniics · tribute_sent a jugador 7 |
| 36:44 | Uniics · tribute_sent a jugador 8 |
| 36:56 | Uniics · wall_segment Stone Wall x14 |
| 37:32 | 海岛奇兵常凯申 · first_building Archery Range |
| 37:55 | AncientKing · age_up imperial |
| 39:18 | Uniics · tribute_sent a jugador 1 |
| 39:18 | Uniics · tribute_sent a jugador 2 |
| 39:18 | Uniics · tribute_sent a jugador 3 |
| 39:18 | Uniics · tribute_sent a jugador 5 |
| 39:18 | Uniics · tribute_sent a jugador 6 |
| 39:18 | Uniics · tribute_sent a jugador 7 |
| 39:18 | Uniics · tribute_sent a jugador 8 |
| 42:45 | Daniel Chassagnez · first_building Siege Workshop |
| 42:55 | Zionic · tribute_sent a jugador 1 |
| 42:55 | Zionic · tribute_sent a jugador 2 |
| 42:55 | Zionic · tribute_sent a jugador 3 |
| 42:55 | Zionic · tribute_sent a jugador 4 |
| 42:55 | Zionic · tribute_sent a jugador 6 |
| 42:55 | Zionic · tribute_sent a jugador 7 |
| 42:55 | Zionic · tribute_sent a jugador 8 |
| 43:27 | Uniics · wall_segment Stone Wall x1 |
| 44:16 | Uniics · tribute_sent a jugador 1 |
| 44:16 | Uniics · tribute_sent a jugador 2 |
| 44:16 | Uniics · tribute_sent a jugador 3 |
| 44:16 | Uniics · tribute_sent a jugador 5 |
| 44:16 | Uniics · tribute_sent a jugador 6 |
| 44:16 | Uniics · tribute_sent a jugador 7 |
| 44:16 | Uniics · tribute_sent a jugador 8 |
| 44:36 | Uniics · wall_segment Stone Wall x15 |
| 45:19 | Zionic · tribute_sent a jugador 1 |
| 45:19 | Zionic · tribute_sent a jugador 2 |
| 45:19 | Zionic · tribute_sent a jugador 3 |
| 45:19 | Zionic · tribute_sent a jugador 4 |
| 45:19 | Zionic · tribute_sent a jugador 6 |
| 45:19 | Zionic · tribute_sent a jugador 7 |
| 45:19 | Zionic · tribute_sent a jugador 8 |
| 46:34 | Boost'Hate John · wall_segment Stone Wall x12 |
| 46:55 | Boost'Hate John · wall_segment Stone Wall x5 |
| 46:57 | Boost'Hate John · wall_segment Stone Wall x6 |
| 46:58 | T-1000 · first_market_buy 100 wood |
| 47:44 | Daniel Chassagnez · tribute_sent a jugador 1 |
| 47:44 | Daniel Chassagnez · tribute_sent a jugador 2 |
| 47:44 | Daniel Chassagnez · tribute_sent a jugador 3 |
| 47:44 | Daniel Chassagnez · tribute_sent a jugador 4 |
| 47:44 | Daniel Chassagnez · tribute_sent a jugador 5 |
| 47:44 | Daniel Chassagnez · tribute_sent a jugador 7 |
| 47:44 | Daniel Chassagnez · tribute_sent a jugador 8 |
| 47:47 | Nux · tribute_sent a jugador 1 |
| 47:47 | Nux · tribute_sent a jugador 2 |
| 47:47 | Nux · tribute_sent a jugador 3 |
| 47:47 | Nux · tribute_sent a jugador 4 |
| 47:47 | Nux · tribute_sent a jugador 5 |
| 47:47 | Nux · tribute_sent a jugador 6 |
| 47:47 | Nux · tribute_sent a jugador 7 |
| 48:47 | T-1000 · tribute_sent a jugador 1 |
| 48:47 | T-1000 · tribute_sent a jugador 2 |
| 48:47 | T-1000 · tribute_sent a jugador 4 |
| 48:47 | T-1000 · tribute_sent a jugador 5 |
| 48:48 | T-1000 · tribute_sent a jugador 6 |
| 48:48 | T-1000 · tribute_sent a jugador 7 |
| 48:48 | T-1000 · tribute_sent a jugador 8 |
| 48:50 | Zionic · tribute_sent a jugador 1 |
| 48:50 | Zionic · tribute_sent a jugador 2 |
| 48:50 | Zionic · tribute_sent a jugador 3 |
| 48:50 | Zionic · tribute_sent a jugador 4 |
| 48:50 | Zionic · tribute_sent a jugador 6 |
| 48:50 | Zionic · tribute_sent a jugador 7 |
| 48:50 | Zionic · tribute_sent a jugador 8 |
| 48:57 | Zionic · tribute_sent a jugador 1 |
| 48:57 | Zionic · tribute_sent a jugador 2 |
| 48:57 | Zionic · tribute_sent a jugador 3 |
| 48:57 | Zionic · tribute_sent a jugador 4 |
| 48:57 | Zionic · tribute_sent a jugador 6 |
| 48:57 | Zionic · tribute_sent a jugador 7 |
| 48:57 | Zionic · tribute_sent a jugador 8 |
| 49:23 | Uniics · resign |
[ ANÁLISIS IA · 1 CRÉDITO ]
¿Qué pasó realmente en esta partida?
Wolo.gg analiza cada decisión: build order, eco, micro, errores típicos por bracket. Análisis personalizado por WhatsApp o Discord en 30 segundos.
Guía civ
Francos
Perfil
Wraith